 Dungeon Crawl Stone Soup version 0.31-a0-691-g409c26aa35 (webtiles) character file.

Game seed: 8617007398120147237

47 lunkers the Ruffian (level 4, 0/35 HPs)
             Began as a Meteoran Shapeshifter on Sept 6, 2023.
             Slain by a cerulean imp
             ... wielding a +2 spear
             ... summoned by Natasha
              (2 damage)
             ... on level 2 of the Dungeon.
             The game lasted 00:01:38 (536 turns).

lunkers the Ruffian (Meteoran Shapeshifter)          Turns: 536, Time: 00:01:39

Health: 0/35       AC:  5    Str: 16    XL:     4   Next: 17%
Magic:  5/5        EV: 11    Int: 11    God:
Gold:   31         SH:  0    Dex: 15    Spells: 3/3 levels left

rFire   . .          .
                       - Unarmed
rCold   . . .        (no shield)
rNeg    . . .        n - +0 ring mail
rPois   .            (helmet currently unavailable)
rElec   .            (cloak currently unavailable)
rCorr   .            (gloves currently unavailable)
SInv    .            (boots currently unavailable)
Will    +....        (no amulet)
Stlth   +            e - ring of willpower
HPRegen 0.25/turn    (no ring)
MPRegen 0.09/turn

%: no passive effects
@: beast-form, glowing
A: beast (slay +2), sense surroundings 1, otherworldly, glowing, explore regen
a: Begin Untransformation


You were on level 2 of the Dungeon.
You were a hulking beast.
You visited 1 branch of the dungeon, and saw 2 of its levels.

You collected 31 gold pieces.

Inventory:

Armour
 a - a +0 animal skin
 k - a scarf of resistance
 n - a +0 ring mail (worn)
Jewellery
 e - a ring of willpower (left hand)
Talismans
 c - a beast talisman (active)
 d - a flux talisman
Scrolls
 f - a scroll of poison {unknown}
 i - a scroll of identify {unknown}
 l - a scroll of brand weapon {unknown}
Potions
 b - a potion of lignification
 g - 2 potions of mutation {unknown}
 h - a potion of curing {unknown}
 j - a potion of attraction {unknown}
 m - a potion of heal wounds {unknown}


   Skills:
 - Level 1.1 Fighting
 - Level 2.1 Dodging
 * Level 5.0 Unarmed Combat
 + Level 4.2 Shapeshifting


You had 3 spell levels left.
You didn't know any spells.
Your spell library was empty.

Dungeon Overview and Level Annotations

Branches:
Dungeon (2/15) Zot: 668

Altars:

Annotations:
D:2 Natasha


Innate Abilities, Weirdness & Mutations

You are a hulking beast.
Your limbs bulge with bestial killing power. (Slay +2)
You passively map a small area around you.
You are easily found by Zot.
You glow in the dark.
You regain HP and MP as you explore.


Message History

You see here a ball python corpse.
You punch the ball python!
You kill the ball python!
The bat hits you but does no damage.
Natasha mumbles some strange words.
The bat hits you but does no damage. Natasha claws you but does no damage.
You closely miss Natasha.
The cerulean imp hits you from afar with a +2 spear.
* * * LOW HITPOINT WARNING * * *
You miss the bat. The bat misses you. The bat barely misses you.
Natasha closely misses you.
The cerulean imp hits you from afar with a +2 spear.
* * * LOW HITPOINT WARNING * * *
You barely miss the bat. The bat hits you but does no damage.
Natasha closely misses you.
The cerulean imp hits you from afar with a +2 spear.
* * * LOW HITPOINT WARNING * * *
You hit Natasha.
Natasha is moderately wounded.
Natasha closely misses you. The bat barely misses you.
Unknown command.
You hit Natasha.
Natasha is severely wounded.
The bat barely misses you.
The cerulean imp hits you from afar with a +2 spear.
* * * LOW HITPOINT WARNING * * *
The bat hits you but does no damage. Natasha claws you!
* * * LOW HITPOINT WARNING * * *
Unknown command.
You barely miss Natasha.
Natasha is severely wounded.
The bat barely misses you.
The cerulean imp hits you from afar with a +2 spear.
* * * LOW HITPOINT WARNING * * *
Natasha claws you.
* * * LOW HITPOINT WARNING * * *
You closely miss Natasha.
Natasha is severely wounded.
The cerulean imp hits you from afar with a +2 spear.
You die...

* , * * * * *### , , ,
..# # * * #.# *.# # #.# *
#.# #( #.# ... *
#####.##h###.#,**
).....bh.5...# , *
######††...### *.# , #.
.......#.....# .. *
#.#############.#.#.#*
#.#......######.#...# ,
<####...................#
.#....#.#####..###..##..#
.#.##.#.# #..# #..# .#,*
.#.##.#.#####..###....,
..


You could see Natasha, a cerulean imp (summoned) and a bat.

Vanquished Creatures
  Natasha (D:2)
  An endoplasm (D:1)
  2 giant cockroaches (D:1)
  3 goblins (D:1)
  2 hobgoblins
  2 quokkas
  4 ball pythons (D:2)
  3 bats
  2 kobolds (D:1)
  A rat (D:1)
21 creatures vanquished.

Notes
Turn   | Place    | Note
-------+----------+-------------------------------------------
     0 | D:1      | lunkers the Meteoran Shapeshifter began the quest for the
                  | Orb.
     0 | D:1      | Reached XP level 1. HP: 16/16 MP: 2/2
   163 | D:1      | Reached skill level 4 in Unarmed Combat
   163 | D:1      | Reached XP level 2. HP: 20/23 MP: 3/3
   422 | D:2      | Noticed Natasha
   439 | D:2      | Killed Natasha
   440 | D:2      | Reached XP level 3. HP: 17/28 MP: 4/4
   440 | D:2      | Reached XP level 4. HP: 21/35 MP: 5/5
   524 | D:2      | Noticed Natasha
   527 | D:2      | Reached skill level 5 in Unarmed Combat
   536 | D:2      | Slain by a cerulean imp

Illustrated notes

Levels and vault maps discovered:
D:1:      minmay_arrival_widening_spiral_wide, layout_loops_ring
D:2:      layout_loops_ring, nicolae_figureground_sparkle, uniq_natasha

Skill      XL: |  1  2  3  4 |
---------------+-------------+-----
Unarmed Combat | 4 5 |  5.0
Shapeshifting  | 4 |  4.2
Fighting       | |  1.1
Dodging        | |  2.1

Action                     |  1- 3 |  4- 6 || total
---------------------------+-------+-------++-------
  Melee: Unarmed           |    45 |    14 ||    59
         Punch             |     1 |       ||     1
 Armour: Animal skin       |    22 |       ||    22
         Ring mail         |       |    17 ||    17
         Skin              |       |     1 ||     1
  Dodge: Dodged            |    36 |    14 ||    50

Table legend: (Time is in decaauts)
 A = Elapsed time spent in this place.
 B = Non-inter-level travel time spent in this place.
 C = Inter-level travel time spent in this place.
 D = Time resting spent in this place.
 E = Time spent auto-exploring this place.
 F = Levels seen in this place.
 G = Mean time per level.
                   A        B        C        D        E       F      G
               +--------+--------+--------+--------+--------+-----+--------+
         Total |    530 |    500 |     30 |      0 |    337 |   2 |  265.0 |
       Dungeon |    530 |    500 |     30 |      0 |    337 |   2 |  265.0 |
               +--------+--------+--------+--------+--------+-----+--------+

Top non-repeatable levels by time:
     D:1: 408 daAuts
     D:2: 122 daAuts
